AoeStats
← D哥

Nomad

509920332Analyzed
4v4 RM · 4d ago on Sep 28, 2026· 37m 43s· 8 players
Game mode
Random Map
Map size
231×231
Population
200
Speed
Normal
Resources
Standard
Victory
Conquest
Starting age
Dark Age
Ending age
Imperial Age
RankedLock teamsTeams togetherTeam positionsShared explorationLock speedFull tech treeHidden civsTurbo modeCheats
Victory
Defeat
🇭🇰 Spanish · Hong Kong SAR China
1577
+11
🇭🇰 Italians · Hong Kong SAR China
1534
+13
🇭🇰 Celts · Hong Kong SAR China
1532
+13
🇨🇳 Khmer · China
1475
+15
🇫🇷 Burgundians · France
1533
-15
🇭🇺 Bohemians · Hungary
1462
-13
🇸🇬 Mongols · Singapore
1435
-12
🇨🇳 Franks · China
1430
-12
Leto_Mallory
10:11 Loom
12:17 Feudal Age
13:30 Double-Bit Axe
20:29 Castle Age
18:58 Horse Collar
21:31 Bow Saw
23:02 Chemistry
24:39 Elite Skirmisher
25:58 Fletching
29:14 Ballistics
Jambonbeurre
6:07 Loom
13:05 Feudal Age
18:36 Castle Age
16:34 Double-Bit Axe
19:44 Bow Saw
19:22 Horse Collar
24:33 Wheelbarrow
23:52 Gold Mining
26:20 Two-Man Saw
25:27 Stone Mining
26:05 Scale Barding Armor
27:43 Gold Shaft Mining
27:59 Chain Barding Armor
27:43 Husbandry
29:59 Hand Cart
30:03 Cavalier
31:10 Forging
35:02 Imperial Age
33:10 Devotion
36:33 Plate Barding Armor
用爱感化队友
6:14 Loom
14:40 Feudal Age
18:49 Castle Age
17:17 Double-Bit Axe
20:07 Wheelbarrow
19:44 Bow Saw
28:09 Town Watch
29:30 Gold Mining
30:18 Scale Barding Armor
30:23 Forging
31:53 Chain Barding Armor
31:54 Light Cavalry
32:34 Husbandry
34:25 Gold Shaft Mining
34:57 Iron Casting
8316699
8:30 Loom
14:53 Feudal Age
19:40 Castle Age
17:51 Scale Barding Armor
17:57 Forging
26:36 Horse Collar
37:06 Imperial Age
羅敏莊
5:36 Loom
15:55 Feudal Age
20:02 Castle Age
17:57 Fishing Lines
20:44 Double-Bit Axe
21:04 Padded Archer Armor
22:41 Leather Archer Armor
22:27 Husbandry
22:37 Bloodlines
24:56 Bow Saw
25:25 Fletching
26:22 Bodkin Arrow
31:31 Horse Collar
38:18 Ballistics
局長
4:57 Loom
14:06 Feudal Age
14:43 Double-Bit Axe
14:51 Gold Mining
15:57 Fishing Lines
21:55 Castle Age
20:22 Stone Mining
22:52 Wheelbarrow
22:09 Town Watch
27:18 Imperial Age
25:18 Padded Archer Armor
26:07 Gillnets
26:58 Ballistics
26:29 Fletching
27:27 Bow Saw
29:02 Leather Archer Armor
28:47 Bodkin Arrow
32:18 Chemistry
32:11 Bracer
33:12 Conscription
36:24 Leather Archer Armor
evi
4:58 Loom
14:34 Feudal Age
15:25 Double-Bit Axe
19:59 Castle Age
19:10 Forging
20:53 Medium Warships
20:55 Bow Saw
21:32 Fishing Lines
22:09 Gillnets
23:41 Wheelbarrow
25:29 Hand Cart
26:58 Iron Casting
26:25 Gold Mining
31:49 Imperial Age
29:21 Scale Mail Armor
30:12 Gold Shaft Mining
29:28 Stone Mining
31:13 Chain Mail Armor
30:22 Pikeman
32:59 Conscription
32:38 Horse Collar
32:30 Capped Ram
33:44 Plate Mail Armor
34:14 Blast Furnace
34:48 Heavy Plow
35:11 Conscription
34:42 Elite Woad Raider
35:11 Halberdier
D哥
6:23 Loom
13:43 Feudal Age
14:34 Double-Bit Axe
22:16 Castle Age
20:27 Horse Collar
23:06 Medium Warships
23:09 Bow Saw
23:43 Fishing Lines
25:26 Wheelbarrow
26:14 Wheelbarrow
29:52 Stone Mining
29:58 Gold Mining
31:42 Stone Shaft Mining
31:51 Gold Shaft Mining
36:18 Imperial Age
34:59 Hand Cart
34:31 Town Watch
34:50 Heavy Plow
36:57 Ballistics
36:35 Elite Ballista Elephant
37:37 Conscription
38:21 Chemistry
Connection lost

Rejoining the realm…

Still unreachable

The connection could not be restored.

Session expired

The server has moved on; the page needs a fresh start.